Map: Emerald City LE

Players

Massa

  • Race: Terran Terran
  • League: Platinum
  • Spawn Location: 11:00

qqq

  • Race: Protoss Protoss
  • League: Platinum
  • Spawn Location: 11:00

Squid - Winner!

  • Race: Terran Terran
  • League: Diamond
  • Spawn Location: 5:00

ЧудоПес - Winner!

  • Race: Protoss Protoss
  • League: Diamond
  • Spawn Location: 5:00

VOD

Have the link to the VOD?

Description

Time

  • Played on: Dec. 29, 2020, 6:52 a.m.
  • Length: 21:38
Show
View Real Time Build Order
Export as new Build Order

Massa Terran 

Build Orders: 2 Factory 

Get SALT Encoding   

  12  0:00  SCV  
  13  0:12  SCV  
  14  0:23  Supply Depot  
  14  0:24  SCV  
  15  0:32  Refinery  
  15  0:45  SCV  
  15  0:46  Barracks  
  16  0:57  SCV  
  17  1:09  SCV  
  18  1:21  SCV  
  19  1:34  Orbital Command  
  19  1:44  Command Center  
  19  1:59  SCV  
  20  2:09  Reaper  
  20  2:12  SCV  
  20  2:15  Factory  
  22  2:24  SCV  
  23  2:30  Refinery, Supply Depot  
  23  2:47  Barracks Tech Lab  
  23  2:52  SCV  
  23  2:57  Orbital Command  
  24  2:58  Factory  
  24  3:04  SCV  
  25  3:06  Supply Depot  
  25  3:11  Hellion, Infernal Pre-Igniter  
  27  3:19  SCV  
  28  3:21  Refinery  
  28  3:26  Engineering Bay  
  28  3:27  SCV  
  28  3:31  SCV  
  28  3:32  Hellion  
  32  3:34  Barracks Reactor  
  32  3:39  SCV  
  33  3:46  Hellion  
  35  3:48  SCV  
  35  3:51  SCV  
  35  3:54  Hellion  
  39  4:00  SCV  
  40  4:03  SCV  
  43  4:17  Hellion x3  
  46  4:32  SCV x2  
  46  4:35  Barracks Tech Lab, Barracks  
  50  4:38  Hellion  
  50  4:39  Hellion x2, Barracks  
  50  4:42  Refinery  
  50  4:44  Starport  
  54  4:49  Missile Turret  
  54  4:52  Supply Depot  
  54  5:11  SCV  
  39  5:40  Widow Mine x3  
  41  5:43  Barracks Reactor, Barracks Tech Lab  
  41  5:45  Marauder  
  41  5:46  SCV x2  
  41  5:48  Medivac  
  47  5:55  Command Center  
  47  5:58  SCV x2  
  47  6:01  Widow Mine  
  47  6:02  Missile Turret  
  51  6:04  Stimpack  
  51  6:06  Marauder  
  51  6:10  SCV x2  
  55  6:15  Marauder  
  55  6:18  Siege Tank  
  60  6:24  Widow Mine  
  62  6:31  Supply Depot  
  62  6:33  Supply Depot  
  62  6:35  Starport Reactor  
  62  6:52  Widow Mine, Marauder  
  66  6:58  Marauder  
  66  6:59  Marine x2  
  66  7:00  SCV x2  
  72  7:12  SCV x2  
  72  7:14  Marauder  
  76  7:16  Marine  
  76  7:17  Marine  
  74  7:39  Marauder x2, Marine x2  
  80  7:47  SCV x2  
  82  7:59  SCV  
  82  8:00  SCV, Marauder x2  
  82  8:04  Sensor Tower, Command Center  
  82  8:05  Command Center  
  88  8:11  SCV, Sensor Tower, Medivac  
  88  8:12  SCV  
  92  8:14  Medivac  
  92  8:24  Terran Infantry Weapons Level 1, Supply Depot  
  92  8:26  Supply Depot x2  
  92  8:27  Supply Depot  
  92  8:30  Supply Depot  
  92  8:31  Orbital Command  
  92  8:32  SCV  
  93  8:43  Combat Shield  
  93  8:44  Concussive Shells  
  93  8:45  Siege Tank  
  93  8:46  Widow Mine x2  
  100  8:53  SCV x2  
  102  8:58  Medivac x2  
  102  9:01  SCV  
  107  9:05  SCV x2  
  107  9:07  Widow Mine x2  
  113  9:14  SCV  
  114  9:17  SCV x2  
  114  9:18  Siege Tank  
  119  9:26  SCV  
  120  9:34  Sensor Tower  
  120  9:53  Missile Turret  
  120  10:14  Missile Turret  
  77  10:24  Marauder x2, Marine  
  77  10:25  Marine  
  77  10:26  Siege Tank  
  77  10:27  Widow Mine x2  
  78  10:34  Barracks  
  78  10:35  Barracks  
  78  10:36  Barracks  
  78  10:37  Barracks  
  78  10:41  Refinery  
  78  10:42  Marine  
  79  10:43  Refinery, Marine  
  79  10:44  Barracks  
  79  10:45  Marauder  
  79  10:46  Marauder  
  79  10:48  Widow Mine  
  79  10:49  Widow Mine  
  88  10:50  Barracks  
  88  10:58  Siege Tank  
  88  11:00  Starport, Marine x2  
  88  11:01  Starport, Planetary Fortress  
  93  11:05  SCV x2  
  93  11:07  Marauder x2  
  99  11:17  Sensor Tower  
  99  11:27  Barracks Tech Lab x4  
  99  11:28  Marauder, Planetary Fortress  
  99  11:29  Marauder  
  99  11:30  Siege Tank  
  99  11:31  SCV x3  
  109  11:43  Barracks Tech Lab x2, SCV x2  
  111  11:48  Marauder x4  
  111  11:49  Marauder  
  111  11:50  Terran Infantry Armor Level 1, Marauder  
  111  11:53  Armory  
  123  11:59  Engineering Bay  
  123  12:02  Supply Depot x2  
  123  12:03  Supply Depot  
  123  12:05  Siege Tank, Supply Depot  
  123  12:06  Supply Depot  
  123  12:07  Widow Mine x2  
  134  12:08  Marauder x2  
  134  12:09  Marauder x2  
  134  12:10  Marauder x2  
  134  12:11  Marauder x2  
  134  12:14  SCV x3  
  149  12:16  SCV x2  
  151  12:25  Missile Turret  
  151  12:26  Supply Depot  
  151  12:27  Missile Turret, Supply Depot  
  151  12:28  Supply Depot  
  151  12:29  Supply Depot  
  155  12:30  Marauder x2  
  155  12:31  Marauder x4, Supply Depot  
  155  12:32  Marauder  
  155  12:33  Marauder  
  167  12:38  Siege Tank  
  170  12:51  Marauder  
  170  12:52  Supply Depot x2  
  170  12:53  Supply Depot  
  170  12:54  Supply Depot x2  
  145  13:13  Marauder x8  
  145  13:14  Marine  
  138  13:31  Siege Tank  
  138  13:32  Widow Mine x2  
  124  13:34  Marauder  
  124  13:35  Marauder x7  
  138  13:44  Sensor Tower  
  138  13:51  Marine  
  138  13:52  Marine  
  142  13:55  Marauder  
  142  13:56  Marauder x7  
  142  14:02  Medivac x2  
  160  14:03  Missile Turret, Siege Tank  
  160  14:09  Marine  
  164  14:10  Marine  
  167  14:17  Marauder x2  
  167  14:18  Marauder x6  
  167  14:21  Missile Turret  
  181  14:27  Marine  
  182  14:38  Marauder  
  182  14:39  Marauder  
  139  15:06  Marauder  
  114  15:08  Siege Tank  
  114  15:09  Widow Mine x2  
  120  15:19  Marauder x2, Marine  
  120  15:20  Marauder x2, Marine x4  
  131  15:21  Command Center  
  131  15:23  Medivac x2  
  131  15:26  Marine  
  131  15:28  Starport Tech Lab, Starport Reactor  
  136  15:30  Widow Mine  
  138  15:37  Marine  
  138  15:38  Marine x4  
  138  15:40  Marine x2, Siege Tank  
  138  15:41  Marauder x2  
  152  15:45  Marauder  
  154  15:53  Medivac  
  156  15:59  SCV  
  156  16:00  SCV x3  
  160  16:11  SCV  
  160  16:12  SCV, Siege Tank  
  160  16:14  Refinery x2  
  160  16:17  Sensor Tower  
  165  16:23  Widow Mine x2  
  169  16:27  Drilling Claws  
  169  16:35  Planetary Fortress  
  169  16:38  Refinery  
  169  16:40  Refinery  
  169  16:44  Sensor Tower, Siege Tank  
  169  16:45  Widow Mine x2  
  149  17:04  Missile Turret  
  149  17:06  Widow Mine x2  
  153  17:16  Siege Tank  
  156  17:25  Marauder x4  
  156  17:26  Marauder x4, Marine x2  
  156  17:27  Widow Mine  
  156  17:28  Widow Mine  
  156  17:29  Medivac x2  
  182  17:30  Raven  
  182  17:31  Medivac x2  
  188  17:44  Marine  
  188  17:46  Smart Servos, Marauder x2  
  188  17:47  Marauder x3  
  199  17:54  Terran Infantry Armor Level 2, Terran Infantry Weapons Level 2  
  199  17:56  Terran Vehicle And Ship Armor Level 1  
  199  17:57  Armory  
  195  19:13  Marauder x2, Marine  
  131  19:48  Thor  
  131  19:49  Widow Mine x2  
  115  20:02  Factory  
  115  20:03  Factory x2  
  112  20:11  Widow Mine  
  112  20:31  Thor  
  112  20:33  Sensor Tower  
  118  20:41  Widow Mine x2  
  118  20:54  Factory Tech Lab  
  118  20:55  Factory Tech Lab  
  118  20:56  Factory Tech Lab  
  108  21:02  Widow Mine x2  
  95  21:05  Marauder x5  
  95  21:06  Marauder, Marine x2  
Show
View Real Time Build Order
Export as new Build Order

qqq Protoss 

Build Orders: Cannon Rush, Carriers 

Get SALT Encoding   

  12  0:00  Probe  
  13  0:15  Pylon  
  13  0:19  Probe  
  14  0:34  Forge  
  14  0:37  Probe  
  16  0:50  Probe  
  16  1:09  Pylon  
  16  1:12  Pylon x2  
  16  1:17  Pylon  
  16  1:30  Photon Cannon  
  15  1:49  Photon Cannon  
  15  1:53  Photon Cannon  
  15  2:00  Photon Cannon  
  14  2:26  Probe, Nexus  
  15  2:40  Photon Cannon  
  15  2:47  Probe  
  16  2:54  Pylon  
  16  2:59  Probe  
  17  3:10  Gateway  
  17  3:14  Pylon  
  17  3:17  Probe  
  18  3:22  Assimilator  
  18  3:29  Probe (Chrono Boost)  
  18  3:31  Assimilator  
  19  3:38  Probe (Chrono Boost)  
  20  3:43  Probe  
  21  3:54  Probe (Chrono Boost)  
  23  3:56  Probe (Chrono Boost)  
  23  4:04  Probe (Chrono Boost)  
  23  4:05  Probe (Chrono Boost)  
  23  4:08  Cybernetics Core  
  23  4:09  Probe (Chrono Boost)  
  25  4:10  Probe (Chrono Boost)  
  27  4:21  Probe (Chrono Boost)  
  29  4:28  Probe (Chrono Boost)  
  29  4:30  Probe (Chrono Boost)  
  30  4:34  Probe (Chrono Boost)  
  30  4:35  Assimilator  
  31  4:40  Assimilator  
  31  4:42  Probe  
  32  4:46  Probe  
  32  4:48  Stargate  
  33  4:54  Probe  
  33  4:56  Stargate  
  33  4:58  Probe  
  33  4:59  Pylon  
  35  5:06  Probe  
  36  5:10  Probe  
  37  5:18  Probe  
  38  5:22  Probe  
  39  5:30  Probe, Protoss Air Weapons Level 1 (Chrono Boost)  
  39  5:32  Phoenix  
  39  5:34  Probe  
  43  5:40  Phoenix  
  43  5:42  Probe  
  46  5:46  Probe  
  47  5:50  Nexus  
  47  5:55  Pylon  
  47  5:58  Pylon  
  47  6:00  Probe  
  47  6:03  Phoenix  
  50  6:08  Phoenix  
  52  6:12  Probe  
  53  6:19  Phoenix  
  55  6:33  Phoenix  
  57  6:43  Phoenix  
  59  6:47  Photon Cannon  
  59  6:50  Photon Cannon  
  59  6:52  Photon Cannon  
  59  7:01  Fleet Beacon  
  59  7:02  Pylon  
  59  7:07  Phoenix  
  61  7:17  Protoss Air Armor Level 1 (Chrono Boost)  
  61  7:32  Phoenix x2  
  61  7:34  Probe  
  66  7:46  Probe  
  67  7:54  Nexus  
  67  7:55  Pylon  
  67  7:56  Tempest, Phoenix  
  74  7:58  Probe (Chrono Boost), Pylon  
  74  8:02  Assimilator  
  75  8:06  Assimilator  
  75  8:10  Probe (Chrono Boost)  
  76  8:15  Probe (Chrono Boost)  
  76  8:19  Photon Cannon  
  77  8:22  Photon Cannon  
  77  8:25  Probe, Carrier  
  84  8:37  Probe  
  79  8:45  Carrier  
  85  8:49  Probe  
  85  8:55  Photon Cannon  
  86  8:56  Shield Battery  
  86  8:57  Pylon  
  86  9:01  Probe  
  87  9:11  Robotics Facility  
  87  9:13  Probe, Stargate  
  88  9:21  Nexus  
  88  9:25  Probe  
  88  9:26  Void Ray  
  88  9:27  Protoss Air Weapons Level 2 (Chrono Boost)  
  88  9:30  Pylon  
  89  9:34  Pylon  
  89  9:37  Probe  
  94  9:42  Probe  
  95  9:49  Probe  
  96  9:54  Probe  
  97  10:01  Probe  
  97  10:06  Probe, Anion Pulse-Crystals  
  92  10:08  Carrier  
  92  10:12  Observer  
  92  10:14  Probe  
  100  10:18  Probe  
  101  10:26  Probe  
  96  10:30  Probe  
  95  10:40  Tempest  
  95  10:41  Tempest  
  99  10:47  Assimilator  
  99  10:50  Assimilator  
  99  11:00  Photon Cannon  
  99  11:04  Photon Cannon  
  99  11:05  Probe x3  
  99  11:06  Void Ray, Assimilator  
  102  11:11  Assimilator  
  102  11:17  Probe x3  
  102  11:18  Void Ray  
  109  11:19  Observer  
  114  11:29  Probe x3  
  117  11:40  Observer  
  117  11:41  Probe x2  
  117  11:44  Protoss Air Armor Level 2 (Chrono Boost)  
  120  11:48  Probe, Void Ray  
  120  11:53  Tempest, Probe  
  131  11:55  Void Ray  
  131  11:57  Pylon  
  131  11:59  Pylon, Flux Vanes  
  131  12:00  Probe  
  131  12:01  Pylon  
  136  12:02  Pylon  
  136  12:05  Probe, Pylon  
  136  12:07  Nexus  
  137  12:12  Probe  
  138  12:18  Probe  
  139  12:22  Photon Cannon  
  139  12:24  Probe, Photon Cannon  
  139  12:25  Photon Cannon  
  139  12:27  Shield Battery  
  140  12:30  Probe, Photon Cannon, Void Ray  
  140  12:31  Carrier, Shield Battery  
  140  12:32  Void Ray  
  140  12:34  Shield Battery  
  140  12:36  Probe, Photon Cannon  
  152  12:39  Photon Cannon  
  152  12:42  Probe  
  157  12:46  Photon Cannon  
  157  12:47  Shield Battery, Mothership  
  157  12:48  Probe, Photon Cannon  
  154  13:13  Carrier  
  154  13:15  Carrier  
  150  13:32  Observer  
  151  13:35  Carrier  
  151  13:40  Photon Cannon  
  157  13:42  Photon Cannon  
  157  13:50  Stargate  
  157  13:53  Observer, Stargate  
  154  13:55  Stargate  
  149  14:05  Protoss Air Weapons Level 3 (Chrono Boost)  
  134  14:17  Carrier  
  134  14:19  Carrier  
  140  14:37  Probe, Photon Cannon  
  137  14:38  Photon Cannon  
  137  14:39  Tempest  
  129  14:49  Probe, Carrier  
  136  15:01  Probe  
  137  15:13  Probe  
  138  15:22  Phoenix  
  138  15:24  Pylon  
  138  15:25  Pylon  
  140  15:28  Pylon  
  140  15:30  Pylon  
  140  15:32  Pylon  
  140  15:35  Pylon  
  140  15:36  Pylon  
  147  15:42  Probe, Carrier  
  147  15:43  Carrier, Phoenix  
  147  15:46  Tempest  
  147  15:47  Phoenix  
  162  15:53  Carrier  
  168  16:08  Phoenix  
  168  16:09  Observer  
  171  16:12  Carrier  
  177  16:18  Pylon  
  177  16:21  Pylon  
  177  16:26  Pylon  
  177  16:29  Carrier  
  177  16:30  Observer, Pylon  
  184  16:33  Carrier, Nexus  
  196  16:47  Carrier  
  193  17:03  Protoss Air Armor Level 3  
  193  17:10  Shield Battery  
  193  17:14  Shield Battery  
  193  17:18  Photon Cannon  
  193  17:19  Photon Cannon x2  
  193  17:22  Photon Cannon  
  193  17:25  Photon Cannon x2  
  193  17:31  Photon Cannon x2  
  193  17:33  Pylon  
  193  17:36  Pylon  
  193  18:07  Probe  
  193  18:10  Assimilator  
  194  18:14  Assimilator  
  194  18:19  Probe  
  195  18:26  Photon Cannon  
  195  18:28  Photon Cannon  
  195  18:29  Photon Cannon  
  195  18:33  Photon Cannon  
  196  18:36  Photon Cannon  
  196  18:37  Photon Cannon  
  184  19:04  Carrier x2  
  170  19:42  Carrier  
  177  19:46  Observer  
  178  20:07  Observer  
  130  20:48  Tempest  
  135  20:54  Probe  
  136  21:06  Probe  
Show
View Real Time Build Order
Export as new Build Order

Squid Terran - Winner!

Build Orders:  

Get SALT Encoding   

  12  0:00  SCV  
  13  0:12  SCV  
  14  0:18  Supply Depot  
  14  0:24  SCV  
  15  0:40  SCV  
  15  0:41  Barracks  
  16  0:45  Refinery  
  16  0:52  SCV  
  17  1:05  SCV  
  18  1:29  Marine, Supply Depot  
  19  1:47  Marine  
  20  1:56  SCV  
  20  1:59  Barracks  
  21  2:05  Marine  
  22  2:19  Supply Depot  
  22  2:20  Orbital Command  
  22  2:36  Factory  
  22  2:39  Barracks Reactor  
  23  2:51  SCV  
  23  2:53  Barracks Tech Lab  
  23  3:05  Refinery  
  23  3:08  Supply Depot  
  23  3:11  SCV  
  24  3:18  Marine x2  
  26  3:23  Barracks Reactor, SCV  
  27  3:35  SCV  
  27  3:37  Cyclone  
  31  3:47  SCV  
  32  3:55  Command Center  
  32  3:59  SCV  
  33  4:04  Marine x2  
  35  4:13  Starport  
  35  4:15  Barracks Tech Lab  
  35  4:16  SCV  
  36  4:28  SCV  
  37  4:32  Cyclone  
  37  4:36  Marauder  
  37  4:37  Concussive Shells  
  42  4:40  SCV  
  43  4:52  SCV, Marine x2  
  44  4:58  Supply Depot  
  46  5:05  SCV  
  47  5:11  Orbital Command  
  47  5:17  SCV  
  48  5:23  Marine  
  48  5:26  Engineering Bay  
  49  5:30  SCV  
  48  5:42  SCV  
  48  5:48  Engineering Bay  
  48  5:51  SCV  
  48  5:54  SCV  
  48  5:55  Medivac x2  
  54  6:03  SCV  
  55  6:07  SCV  
  56  6:13  Marine x3  
  56  6:14  Stimpack  
  56  6:15  SCV  
  60  6:19  Terran Infantry Armor Level 1, Terran Infantry Weapons Level 1, SCV  
  61  6:31  Marine x2  
  61  6:32  Marauder, Siege Tank  
  68  6:34  SCV  
  68  6:35  SCV  
  70  6:47  SCV x2  
  71  6:51  Liberator, Command Center  
  71  6:52  Marine  
  76  6:55  Marauder  
  78  7:17  Marine x2  
  78  7:18  SCV  
  78  7:19  SCV, Marine  
  75  7:26  Refinery  
  75  7:29  Refinery, Missile Turret  
  74  7:30  Missile Turret  
  74  7:32  SCV x2  
  74  7:33  Missile Turret  
  74  7:34  Marine x2  
  78  7:40  Missile Turret  
  78  7:41  Missile Turret  
  78  7:44  SCV  
  78  7:51  Armory  
  78  7:58  Supply Depot  
  78  7:59  Supply Depot  
  78  8:02  SCV x2, Missile Turret  
  78  8:03  Marauder  
  82  8:12  Marine x2  
  83  8:14  SCV  
  83  8:15  Barracks  
  82  8:36  Barracks x2  
  82  8:37  Barracks x2  
  82  8:38  Orbital Command  
  82  8:39  SCV x2  
  84  8:44  Thor  
  90  8:51  SCV x2  
  92  8:58  Marine x2  
  92  9:01  Marauder  
  96  9:03  SCV, Viking x2  
  96  9:05  Terran Infantry Weapons Level 2  
  96  9:06  Sensor Tower  
  96  9:09  SCV x2  
  103  9:15  SCV  
  103  9:16  Sensor Tower, Combat Shield  
  104  9:17  Supply Depot  
  104  9:21  SCV  
  105  9:24  Missile Turret  
  105  9:43  Marine x6  
  111  9:46  Marauder  
  113  10:01  Marine x4, Missile Turret  
  113  10:02  Missile Turret x2  
  113  10:04  Missile Turret  
  116  10:15  Marine  
  116  10:16  Barracks Reactor  
  111  10:23  Barracks Reactor x2, Marauder  
  113  10:29  Marine  
  113  10:32  Command Center  
  113  10:33  Medivac x2  
  118  10:40  Starport  
  118  10:42  Marine, Supply Depot  
  118  10:44  Barracks Reactor, Marauder, Supply Depot  
  118  10:45  SCV  
  118  10:46  SCV  
  118  10:47  Refinery, Marine  
  118  10:49  Refinery  
  124  11:03  Thor  
  130  11:05  Marine x3  
  130  11:06  Marine x5  
  130  11:07  Medivac  
  140  11:12  Supply Depot  
  140  11:14  Supply Depot  
  140  11:16  Ghost Academy  
  140  11:18  Starport Reactor  
  140  11:24  SCV  
  141  11:28  Barracks  
  141  11:30  Barracks  
  141  11:32  Supply Depot x2  
  141  11:34  SCV x2, Medivac  
  141  11:35  Supply Depot  
  141  11:39  Marine x7  
  152  11:46  SCV x2  
  154  11:55  Missile Turret  
  154  11:56  Supply Depot  
  154  11:59  Terran Infantry Weapons Level 3  
  154  12:09  Orbital Command  
  154  12:11  SCV x3  
  157  12:19  Barracks Tech Lab  
  157  12:20  Barracks Reactor  
  157  12:21  Medivac, Viking  
  161  12:23  SCV x3  
  164  12:34  Terran Infantry Armor Level 2  
  164  12:35  SCV x2  
  164  12:36  Refinery  
  166  12:37  Refinery  
  166  12:38  Marine  
  166  12:39  Marine  
  172  12:47  Marine x8  
  170  13:06  Unknown x2  
  170  13:08  Marine  
  170  13:09  Marine x12  
  170  13:10  Viking x2  
  160  13:26  Marine  
  150  13:27  Marine x2  
  150  13:28  Marine x10  
  161  13:35  Unknown, Marine  
  161  13:37  SCV x3  
  164  13:44  Marine  
  164  13:45  Marine x2, Viking x2  
  164  13:46  Marine x3  
  162  14:11  Marine x6  
  162  14:12  Marine x8  
  162  14:13  Viking x2  
  179  14:24  Thor  
  179  14:29  Marine x8  
  187  14:43  Orbital Command  
  156  15:10  SCV x2  
  156  15:11  SCV  
  157  15:22  Marine x4  
  157  15:23  Marine x10  
  157  15:24  Viking x2  
  175  15:30  SCV x4  
  178  15:40  Marine x6  
  178  15:42  SCV x2  
  177  15:47  Viking x2  
  177  15:49  Marine x8  
  188  15:58  Marine x5  
  188  16:02  Nuke  
  193  16:06  Ghost Academy x2  
  194  16:11  SCV x3  
  194  16:17  Marine x4  
  200  16:25  Terran Vehicle And Ship Armor Level 1  
  200  16:27  Refinery  
  200  16:34  Armory  
  200  16:36  Command Center  
  195  16:58  Marine x9  
  196  17:14  Nuke x2  
  196  17:16  Personal Cloaking  
  196  17:18  Marine  
  196  17:19  Marine x2  
  196  17:21  Supply Depot  
  199  17:45  Command Center  
  199  17:47  Command Center  
  197  17:56  Marine  
  197  17:57  Marine  
  196  18:13  Starport  
  196  18:20  Terran Vehicle And Ship Armor Level 2  
  196  18:21  Starport, Terran Ship Weapons Level 1  
  196  18:30  Starport  
  191  18:56  Marine  
  191  18:57  Marine x9  
  191  18:58  Marine x5  
  81  19:14  Marine, Medivac  
  81  19:15  Marine x11, Medivac x3  
  81  19:16  Marine x3  
  104  19:17  Thor  
  105  19:32  Marine x3  
  105  19:33  Marine x9  
  105  19:34  Marine x3  
  108  19:39  Liberator x2  
  108  19:44  Medivac  
  108  19:45  Medivac  
  103  19:50  Marine x5  
  103  19:51  Marine x4  
  112  19:53  Marine x2  
  112  19:54  Marine x4  
  116  20:05  Orbital Command  
  116  20:07  Marine  
  116  20:08  Marine  
  118  20:22  Marine x11  
  135  20:31  Viking  
  137  20:37  Starport Reactor  
  137  20:41  Starport Reactor  
  137  20:42  Starport Reactor  
Show
View Real Time Build Order
Export as new Build Order

ЧудоПес Protoss - Winner!

Build Orders: Carriers 

Get SALT Encoding   

  12  0:00  Probe (Chrono Boost)  
  13  0:11  Probe (Chrono Boost)  
  14  0:18  Pylon  
  14  0:20  Probe  
  15  0:36  Probe  
  15  0:38  Gateway  
  16  0:48  Probe, Assimilator  
  17  1:02  Probe (Chrono Boost)  
  18  1:05  Assimilator  
  18  1:13  Probe (Chrono Boost)  
  19  1:21  Pylon  
  19  1:38  Zealot  
  20  2:10  Zealot  
  22  2:23  Cybernetics Core  
  22  2:25  Probe (Chrono Boost)  
  23  2:35  Probe (Chrono Boost)  
  24  2:41  Gateway  
  24  3:02  Nexus  
  24  3:10  Probe (Chrono Boost)  
  25  3:14  Warp Gate  
  26  3:20  Stalker  
  26  3:21  Probe (Chrono Boost)  
  28  3:29  Probe  
  29  3:41  Probe  
  30  3:42  Pylon  
  29  3:52  Stalker  
  31  4:00  Probe  
  32  4:13  Twilight Council  
  32  4:15  Probe (Chrono Boost)  
  32  4:16  Probe (Chrono Boost)  
  35  4:24  Probe (Chrono Boost)  
  35  4:27  Probe (Chrono Boost)  
  35  4:29  Probe (Chrono Boost)  
  36  4:33  Shield Battery  
  36  4:35  Assimilator  
  36  4:36  Probe (Chrono Boost)  
  39  4:46  Probe (Chrono Boost)  
  39  4:47  Blink (Chrono Boost)  
  39  4:48  Probe (Chrono Boost)  
  40  4:55  Probe (Chrono Boost)  
  40  4:58  Stargate  
  41  5:06  Gateway  
  41  5:09  Stalker  
  37  5:30  Pylon  
  37  5:41  Stalker x2  
  41  5:43  Phoenix (Chrono Boost)  
  43  5:51  Pylon  
  43  5:59  Probe, Phoenix (Chrono Boost)  
  43  6:00  Probe  
  43  6:01  Assimilator  
  47  6:09  Gateway  
  47  6:11  Probe  
  48  6:20  Probe  
  48  6:23  Probe  
  48  6:24  Phoenix  
  52  6:28  Protoss Air Weapons Level 1 (Chrono Boost)  
  52  6:32  Probe  
  53  6:37  Nexus  
  53  6:39  Pylon  
  53  6:49  Stalker x3  
  59  6:55  Probe x2  
  61  7:07  Probe x2  
  63  7:10  Forge  
  63  7:19  Probe  
  61  7:29  Phoenix  
  63  7:32  Stargate  
  63  7:35  Stargate  
  63  7:43  Pylon  
  63  7:47  Photon Cannon  
  63  7:48  Probe x2  
  63  7:50  Probe  
  66  7:53  Protoss Shields Level 1  
  66  7:54  Phoenix  
  68  8:00  Probe (Chrono Boost)  
  68  8:01  Probe (Chrono Boost)  
  70  8:09  Cybernetics Core  
  70  8:10  Probe (Chrono Boost)  
  73  8:12  Shield Battery  
  73  8:16  Phoenix  
  73  8:18  Probe x2 (Chrono Boost)  
  76  8:20  Probe (Chrono Boost)  
  76  8:21  Phoenix  
  76  8:25  Probe (Chrono Boost)  
  79  8:27  Phoenix  
  79  8:30  Probe x2  
  83  8:39  Pylon  
  77  8:42  Pylon, Stalker x2  
  81  8:53  Photon Cannon, Phoenix  
  83  8:55  Shield Battery  
  83  8:58  Phoenix  
  85  9:13  Fleet Beacon  
  85  9:15  Phoenix  
  87  9:20  Probe, Stargate  
  87  9:21  Probe x2  
  87  9:22  Protoss Air Armor Level 1 (Chrono Boost)  
  90  9:28  Assimilator  
  90  9:30  Phoenix, Assimilator  
  92  9:33  Probe  
  92  9:34  Pylon  
  93  9:46  Phoenix x2  
  97  9:55  Phoenix  
  93  10:18  Stalker x4  
  95  10:23  Phoenix x2  
  89  10:45  Phoenix x2  
  93  11:02  Phoenix x2  
  97  11:14  Protoss Shields Level 2 (Chrono Boost)  
  97  11:17  Nexus  
  97  11:19  Pylon  
  97  11:21  Pylon  
  97  11:22  Gateway  
  97  11:25  Gateway, Pylon  
  97  11:29  Gateway, Anion Pulse-Crystals (Chrono Boost)  
  97  11:35  Charge (Chrono Boost)  
  97  11:39  Protoss Air Weapons Level 2 (Chrono Boost)  
  97  11:43  Phoenix x2  
  97  11:46  Protoss Air Armor Level 2 (Chrono Boost)  
  101  11:57  Photon Cannon  
  101  12:00  Photon Cannon  
  101  12:02  Photon Cannon  
  101  12:04  Photon Cannon, Carrier  
  101  12:05  Photon Cannon  
  107  12:09  Photon Cannon  
  107  12:11  Photon Cannon, Stargate  
  107  12:14  Shield Battery  
  107  12:16  Shield Battery  
  107  12:20  Carrier  
  113  12:35  Carrier  
  119  12:39  Assimilator  
  119  12:43  Assimilator  
  81  13:16  Carrier  
  84  13:24  Carrier  
  86  13:31  Probe  
  86  13:32  Probe  
  88  13:37  Probe  
  89  13:41  Stargate  
  89  13:43  Probe  
  89  13:44  Probe, Stargate  
  91  13:49  Probe  
  91  13:55  Probe  
  93  13:56  Probe  
  93  14:01  Probe  
  95  14:07  Probe  
  95  14:08  Probe  
  97  14:18  Phoenix  
  97  14:20  Phoenix  
  97  14:23  Probe (Chrono Boost)  
  104  14:28  Probe x2 (Chrono Boost), Phoenix  
  104  14:29  Nexus  
  106  14:31  Pylon  
  106  14:33  Pylon  
  106  14:35  Pylon  
  106  14:36  Probe (Chrono Boost)  
  107  14:51  Carrier x2  
  119  15:08  Pylon  
  119  15:11  Pylon  
  119  15:14  Pylon  
  119  15:19  Pylon x2  
  119  15:23  Carrier x2  
  131  15:31  Pylon  
  129  15:40  Photon Cannon  
  125  15:54  Phoenix  
  125  15:55  Phoenix x3  
  133  16:01  Probe x3  
  136  16:13  Probe  
  136  16:16  Shield Battery  
  136  16:18  Shield Battery  
  137  16:19  Phoenix, Pylon  
  137  16:20  Phoenix  
  141  16:42  Protoss Air Weapons Level 3  
  141  16:43  Carrier  
  141  16:44  Protoss Air Armor Level 3  
  147  17:04  Carrier  
  153  17:19  Protoss Shields Level 3 (Chrono Boost)  
  153  17:30  Nexus  
  153  17:35  Templar Archives  
  159  17:44  Carrier  
  159  18:11  Psionic Storm  
  159  18:15  Pylon  
  159  18:16  Pylon  
  159  18:24  High Templar x2  
  159  18:25  High Templar x3  
  157  18:47  Carrier  
  157  18:48  Carrier x3  
  179  19:22  Archon x2  
  164  19:52  Carrier x3  
  188  19:53  Carrier  
  188  19:55  Phoenix  
  168  20:33  Carrier, Phoenix  
  170  20:56  Phoenix x2  
  174  20:57  Phoenix x2  
  174  20:58  Phoenix  
Tags
 
Add a new tag
Caveats
  • Supply blocks, unpowered buildings, or Contaminate may cause inaccurate times.
  • Supply counts are checked every 10 seconds.